 Dungeon Crawl Stone Soup version 0.28.0-53-g5a82cb258f (webtiles) character file.

Game seed: 2107804062944563003

920 mr44pink the Skirmisher (level 8, -1/73 HPs)
             Began as a Tengu Berserker on Aug 4, 2022.
             Was a Priest of Trog.
             Slain by an orc warrior
             ... wielding a +0 vorpal battleaxe
              (10 damage)
             ... on level 5 of the Dungeon on Aug 5, 2022.
             The game lasted 00:12:55 (5245 turns).

mr44pink the Skirmisher (Tengu Berserker)           Turns: 5245, Time: 00:12:55

Health: -1/73      AC: 14    Str: 19    XL:     8   Next: 10%
Magic:  9/9        EV:  9    Int:  9    God:    Trog [***...]
Gold:   123        SH:  0    Dex: 13    Spells: 7/7 levels left

rFire   . . .      SeeInvis .   m - +2 battleaxe
rCold   . . .      Faith    .   (shield currently unavailable)
rNeg    . . .      Spirit   .   l - +1 plate armour
rPois   .          Reflect  .   x - +0 hat
rElec   .          Harm     .   h - +0 cloak
rCorr   +          Rampage  .   (no gloves)
Will    .....                   (boots unavailable)
Stlth   ..........              (no amulet)
HPRegen 0.22/turn               y - ring of resist corrosion
MPRegen 0.11/turn               (no ring)

@: berserking, flying quickly and evasively, very quick
A: beak, talons 3, nimble flight
a: Renounce Religion, Berserk, Trog's Hand


You were on level 5 of the Dungeon.
You worshipped Trog.
Trog was most pleased with you.
You visited 1 branch of the dungeon, and saw 5 of its levels.

You collected 227 gold pieces.
You spent 104 gold pieces at shops.

Inventory:

Hand Weapons
 a - a +0 spear
 m - a +2 battleaxe (weapon)
 v - a +2 short sword of protection
Missiles
 f - 163 stones (quivered)
 k - 2 throwing nets
 n - 16 atropa-tipped darts
 t - 5 poisoned darts
Armour
 b - a +0 animal skin
 h - a +0 cloak (worn)
 l - a +1 plate armour (worn)
 x - a +0 hat (worn)
Jewellery
 y - a ring of resist corrosion (left hand)
Wands
 e - a wand of acid (3)
 w - a wand of flame (6)
 z - a wand of mindburst (3)
 C - a wand of digging (2)
Scrolls
 c - a scroll of vulnerability
 o - a scroll of acquirement {unknown}
 q - a scroll of immolation
 A - a scroll of fear {unknown}
Potions
 d - a potion of haste
 g - a potion of might
 i - a potion of flight {unknown}
 j - 2 potions of curing
 p - a potion of cancellation {unknown}
 r - a potion of mutation {unknown}
 s - 3 potions of heal wounds
 u - a potion of degeneration {unknown}
 B - a potion of berserk rage {unknown}


   Skills:
 + Level 5.3 Fighting
 + Level 4.5(5.1) Axes
 - Level 3.4(4.5) Polearms
 + Level 5.3 Armour
 + Level 5.3 Dodging


You had 7 spell levels left.
You didn't know any spells.
Your spell library was empty.

Dungeon Overview and Level Annotations

Branches:
Dungeon (5/15)             Temple (0/1) D:4

Altars:
Elyvilon
Hepliaklqana
Wu Jian

Shops:
D:3 *   D:4 *


Innate Abilities, Weirdness & Mutations

You have a beak for a mouth.
You have claws for feet.
Your magical nature lets you fly swiftly and evasively.


Message History

Trog accepts your kill.
The orc warrior throws a boomerang.
The boomerang hits you!
Found 26 bolts.
The orc warrior hits you with a +0 vorpal battleaxe.
Things that are here:
a +0 hand axe; an orc corpse You slash the orc warrior!
Your kick misses the orc warrior.
The orc warrior is moderately wounded.
You completely miss the orc.
The orc warrior hits you with a +0 vorpal battleaxe.
The orc barely misses you.
You hit the orc warrior. You claw the orc warrior. You peck the orc warrior.
The orc warrior is heavily wounded.
You barely miss the orc. The orc warrior barely misses you.
The orc closely misses you. The orc warrior barely misses you.
A red film seems to cover your vision as you go berserk!
You feel yourself moving faster!
You feel mighty! The orc hits you with a +0 hand axe.
The orc warrior hits you with a +0 vorpal battleaxe!
You are too injured to fight recklessly!
You are too injured to fight recklessly!
You are too injured to fight recklessly!
You are too injured to fight recklessly!
You are too injured to fight recklessly!
You slash the orc!
You kill the orc!
Trog accepts your kill.
You closely miss the orc warrior.
The orc warrior hits you with a +0 vorpal battleaxe!
* * * LOW HITPOINT WARNING * * *
x2
Things that are here:
a +0 hand axe; a +0 scale mail; an orc corpse You barely miss the orc warrior.
Your kick misses the orc warrior. You peck the orc warrior.
The orc warrior is severely wounded.
The orc warrior completely misses you.
You barely miss the orc warrior. Your peck misses the orc warrior.
The orc warrior is severely wounded.
The orc warrior hits you with a +0 vorpal battleaxe!
You die...

*,,,,,,,,,* ***#.#**** #
**,,,,,,,,,* #.# # *,,,,_,,,,.**
#.# # *,,,,,,,,,..##** #.# #
*,,,,,,,,**,...* ########.#
*,,,,,,,,**,,#.###........######
*,*,*,**,,,,,#(..#.#####.......#
*,,,,,****,**###o).# #.#####.#
*****,****,,,#.>@### #.#####.#
*,,,,,,,,#.### #.##....##
********..,* #.##.##... ##***
#.......## ####.##### #......
##..#### #...#### #.......


You could see an orc warrior.

Vanquished Creatures
  Grinder (D:3)
  A scorpion (D:5)
  A water moccasin zombie (D:5)
  A jelly (D:5)
  3 orc priests
  A bullfrog skeleton (D:5)
  2 hounds (D:5)
  An iguana (D:4)
  4 orc wizards
  Ijyb (D:3)
  Robin (D:4)
  4 gnolls (D:4)
  8 adders
  An adder zombie (D:5)
  4 worms
  4 dart slugs
  10 orcs
  6 endoplasms
  A giant cockroach (D:3)
  9 goblins
  7 hobgoblins
  5 jackals
  8 kobolds
  2 quokkas (D:4)
  8 ball pythons
  5 bats
  5 frilled lizards
  6 rats
110 creatures vanquished.

Vanquished Creatures (others)
  An orc wizard (D:3)
  8 plants (D:2)
  11 withered plants (D:2)
20 creatures vanquished.

Grand Total: 130 creatures vanquished

Notes
Turn   | Place    | Note
-------+----------+-------------------------------------------
     0 | D:1      | mr44pink the Tengu Berserker began the quest for the Orb.
     0 | D:1      | Reached XP level 1. HP: 14/14 MP: 2/2
   514 | D:1      | Reached XP level 2. HP: 19/19 MP: 3/3
   935 | D:2      | Reached XP level 3. HP: 23/23 MP: 4/4
   976 | D:2      | Reached skill level 1 in Axes
  1210 | D:2      | Reached ** piety under Trog
  1211 | D:2      | Reached XP level 4. HP: 28/28 MP: 5/5
  1568 | D:2      | Found a faded altar of an unknown god.
  2094 | D:3      | Found a white marble altar of Elyvilon.
  2302 | D:3      | Gained mutation: Your magical nature lets you fly swiftly
                  | and evasively. [Tengu growth]
  2302 | D:3      | Reached XP level 5. HP: 33/33 MP: 6/6
  2393 | D:3      | Noticed Ijyb
  2394 | D:3      | HP: 1/33 [Ijyb/bolt of acid (32)]
  2401 | D:3      | Killed Ijyb
  3011 | D:3      | Noticed Grinder
  3013 | D:3      | Paralysed by Grinder for 7 turns
  3024 | D:3      | Killed Grinder
  3025 | D:3      | Reached XP level 6. HP: 19/39 MP: 7/7
  3423 | D:3      | Found Pubaoh's Assorted Antiques.
  3481 | D:4      | Noticed Robin
  3481 | D:4      | Found Wimn's General Store.
  3541 | D:4      | Reached XP level 7. HP: 34/44 MP: 8/8
  3549 | D:4      | Killed Robin
  3708 | D:4      | Bought a potion of heal wounds for 65 gold pieces
  3708 | D:4      | Bought a potion of curing for 39 gold pieces
  3716 | D:4      | Found a hazy altar of Hepliaklqana.
  3728 | D:4      | Found an ornate altar of the Wu Jian Council.
  4009 | D:4      | Found a staircase to the Ecumenical Temple.
  4725 | D:4      | Reached *** piety under Trog
  4747 | D:5      | Entered Level 5 of the Dungeon
  4785 | D:5      | Reached skill level 5 in Fighting
  4886 | D:5      | Reached skill level 5 in Armour
  4886 | D:5      | Reached skill level 5 in Dodging
  5066 | D:5      | Reached XP level 8. HP: 49/49 MP: 9/9
  5245 | D:5      | Slain by an orc warrior

Illustrated notes

Levels and vault maps discovered:
D:1:      minmay_arrival_arboretum_small, layout_loops_ring, minmay_distorted
D:2:      layout_basic, shapermc_ecumenical_altar_flowoftime,
          minmay_misc_feat_ornament
D:3:      layout_loops_ring, mainiacjoe_overflow_24_doors, serial_shops, shop,
          uniq_ijyb, uniq_grinder
D:4:      layout_basic, mainiacjoe_overflow_large_starburst,
          minmay_temple_entry_proselytizer, serial_shops, nicolae_stop_n_shop_1,
          uniq_robin
D:5:      minmay_razor_zed, layout_loops_cross,
          nicolae_qazlal_scattered_showers, dk_noncrumbling_2,
          minmay_checkerbox, uniq_duvessa

Skill      XL: |  1  2  3  4  5  6  7 |
---------------+----------------------+-----
Axes           | 1 3 4 |  4.5
Armour         | 3 4 5 |  5.3
Dodging        | 3 4 5 |  5.3
Fighting       | 4 5 |  5.3
Polearms       | |  3.4

Action                   |  1- 3 |  4- 6 |  7- 9 || total
-------------------------+-------+-------+-------++-------
Melee: Spear             |    14 |       |       ||    14
       Kick              |     8 |    24 |    26 ||    58
       Peck              |     6 |    17 |    17 ||    40
       Battleaxe         |    33 |   108 |   118 ||   259
Invok: Berserk           |       |     2 |     4 ||     6
       Trog's Hand       |       |     1 |       ||     1
  Use: Scroll            |       |     7 |     2 ||     9
 Stab: Sleeping          |     1 |       |       ||     1
Armor: Plate armour      |    24 |    85 |    93 ||   202
Dodge: Dodged            |    13 |    48 |    43 ||   104
